 Dungeon Crawl Stone Soup version 0.28.0-53-g5a82cb258f (webtiles) character file.

Game seed: 13836022366814366579

2280 nonceun the Cleaver (level 9, -3/71 HPs)
             Began as a Minotaur Berserker on Aug 23, 2022.
             Was a Believer of Trog.
             Succumbed to a kobold brigand's curare-tipped dart
             ... on level 6 of the Dungeon.
             The game lasted 00:20:46 (5626 turns).

nonceun the Cleaver (Minotaur Berserker)            Turns: 5626, Time: 00:20:47

Health: -3/71      AC: 13    Str: 26    XL:     9   Next: 16%
Magic:  4/8        EV:  7    Int:  4    God:    Trog [**....]
Gold:   274        SH:  5    Dex: 10    Spells: 8/8 levels left

rFire   + . .      SeeInvis .   a - +0 war axe
rCold   + . .      Faith    .   q - +0 buckler
rNeg    . . .      Spirit   +   z - +0 plate armour
rPois   .          Reflect  .   (helmet restricted)
rElec   .          Harm     .   (no cloak)
rCorr   .          Rampage  .   (no gloves)
Will    .....                   f - +1 pair of boots
Stlth   ..........              r - amulet of guardian spirit
HPRegen 0.21/turn               o - ring of protection from fire
MPRegen 0.11/turn               v - ring of protection from cold

@: lethally poisoned (-3 -> -24), slowed, very slow
A: horns 2, retaliatory headbutt
a: Renounce Religion, Berserk, Trog's Hand


You were on level 6 of the Dungeon.
You worshipped Trog.
Trog was pleased with you.
You visited 1 branch of the dungeon, and saw 6 of its levels.

You collected 274 gold pieces.

Inventory:

Hand Weapons
 a - a +0 war axe (weapon)
 k - a +2 vampiric trident
Missiles
 d - 89 stones (quivered)
Armour
 f - a +1 pair of boots (worn)
 q - a +0 buckler (worn)
 z - a +0 plate armour (worn)
 A - a +0 kite shield
Jewellery
 o - a ring of protection from fire (left hand)
 r - an amulet of guardian spirit (around neck)
 t - a ring of poison resistance
 v - a ring of protection from cold (right hand)
Wands
 n - a wand of polymorph (2)
 u - a wand of acid (11)
 y - a wand of paralysis (2)
Scrolls
 b - a scroll of magic mapping {unknown}
 c - 3 scrolls of vulnerability {unknown}
 e - 3 scrolls of identify {unknown}
 i - 2 scrolls of enchant weapon {unknown}
 j - 2 scrolls of immolation {unknown}
 l - a scroll of summoning {unknown}
 x - a scroll of enchant armour {unknown}
Potions
 g - 2 potions of mutation {unknown}
 h - 3 potions of flight {unknown}
 m - a potion of lignification {unknown}
 s - 4 potions of curing {unknown}


   Skills:
 + Level 4.0 Fighting
 + Level 13.8 Axes
 - Level 2.4 Armour
 - Level 2.1 Dodging
 - Level 5.0 Shields


You had 8 spell levels left.
You didn't know any spells.
Your spell library contained the following spells:

 Spells                   Type           Power      Damage    Failure   Level
 Beastly Appendage        Tmut           0%         N/A       100%        1
 Corpse Rot               Necr/Air       0%         N/A       100%        2
 Wereblood                Tmut           0%         N/A       100%        2
 Ozocubu's Armour         Ice            0%         N/A       100%        3
 Spider Form              Tmut/Pois      0%         N/A       100%        3
 Vampiric Draining        Necr           0%         2d6       100%        3
 Haunt                    Necr/Summ      0%         N/A       100%        7
 Ozocubu's Refrigeration  Ice            0%         4d5       100%        7


Dungeon Overview and Level Annotations

Branches:
Dungeon (6/15)
 Temple: D:4-7

Altars:

Annotations:
D:2 !sigmund, Sigmund
D:3 !grinder, Grinder
D:4 !pargi, Pargi


Innate Abilities, Weirdness & Mutations

You have a pair of horns on your head.
You reflexively headbutt those who attack you in melee.


Message History

p - a +0 war axe (weapon)
Adjust to which letter? (? for menu, Esc to quit)
a - a +0 war axe (weapon);
p - a +0 hand axe You drop a +0 hand axe.
Unknown command.
Things that are here:
a +0 chain mail; an orc corpse A kobold brigand comes into view.
It is wielding a +0 short sword and quivering curare-tipped darts.
The kobold brigand shouts!
The kobold brigand throws a curare-tipped dart.
The curare-tipped dart hits you.
You are poisoned.
You have difficulty breathing.
You feel yourself slow down.
You feel very sick.
The kobold brigand throws a curare-tipped dart.
The curare-tipped dart hits you.
You are more poisoned.
You have difficulty breathing.
You feel as though you will be slow longer.
You feel extremely sick.
You feel extremely sick.
You feel very sick.
The kobold brigand throws a curare-tipped dart.
The curare-tipped dart hits you.
You are more poisoned.
You have difficulty breathing.
You feel as though you will be slow longer.
* * * LOW HITPOINT WARNING * * *
You feel extremely sick.
* * * LOW HITPOINT WARNING * * *
You feel very sick.
* * * LOW HITPOINT WARNING * * *
You feel very sick.
The kobold brigand throws a curare-tipped dart.
The curare-tipped dart hits you.
You are more poisoned.
You have difficulty breathing.
* * * LOW HITPOINT WARNING * * *
You feel as though you will be slow longer.
You die...

#########K..#########)########.##
#..## #)# #.# #########.## #.#
#.# ...........######## #.# #.#
#######...[.......# #.# ####.##
##.[.[#.###.###.# #......
#..#.#[K..)[)..# #.##.##
#.....).##.##### #.##...
##.#[#.).@.# #...... #.#.#####)#
####### #.#......(# #.#########
#.# #.# ##### #.####### ### #
....# #.......# ##.## ## ###.#
##.#####.# ##.#.#### ##.


There were no monsters in sight!

Vanquished Creatures
  A steam dragon (D:6)
  A warg (D:6)
  2 orc warriors (D:6)
  2 ice beasts
  A necrophage (D:5)
  3 ogres (D:6)
  A bullfrog (D:6)
  2 kobold brigands (D:6)
  A gnoll sergeant (D:6)
  2 scorpions (D:5)
  A water moccasin zombie (D:6)
  6 howler monkeys (D:6)
  7 hounds (D:6)
  2 orc priests
  A jelly (D:5)
  A gnoll shaman (D:6)
  A bullfrog skeleton (D:5)
  Jessica (D:2)
  Ijyb (D:3)
  Terence (D:2)
  2 iguanas
  2 orc wizards (D:6)
  5 gnolls
  A howler monkey skeleton (D:6)
  3 adders
  An ufetubus (D:5)
  A worm (D:3)
  9 orcs
  4 ball pythons (D:1)
  2 bats (D:1)
  An endoplasm (D:2)
  3 giant cockroaches
  4 hobgoblins
  4 jackals (D:5)
  2 quokkas
  4 frilled lizards
  4 kobolds
  5 rats
95 creatures vanquished.

Vanquished Creatures (others)
  2 plants (D:6)
2 creatures vanquished.

Grand Total: 97 creatures vanquished

Notes
Turn   | Place    | Note
-------+----------+-------------------------------------------
     0 | D:1      | nonceun the Minotaur Berserker began the quest for the Orb.
     0 | D:1      | Reached XP level 1. HP: 19/19 MP: 0/0
    85 | D:1      | Reached skill level 4 in Axes
   324 | D:1      | Reached XP level 2. HP: 26/26 MP: 1/1
   565 | D:2      | Noticed Terence
   605 | D:2      | Noticed Sigmund
   779 | D:2      | Killed Terence
   780 | D:2      | Reached skill level 5 in Axes
   780 | D:2      | Reached XP level 3. HP: 31/31 MP: 2/2
   834 | D:2      | Noticed Jessica
   854 | D:2      | Killed Jessica
   855 | D:2      | Reached skill level 6 in Axes
   855 | D:2      | Reached XP level 4. HP: 30/39 MP: 3/3
  1208 | D:3      | Reached ** piety under Trog
  1301 | D:3      | Noticed Ijyb
  1519 | D:3      | Killed Ijyb
  1520 | D:3      | Reached skill level 7 in Axes
  1520 | D:3      | Reached XP level 5. HP: 36/45 MP: 4/4
  1889 | D:3      | Noticed Grinder
  2365 | D:4      | Got the Incunabulum of Evil Secrets
  2396 | D:4      | Noticed Pargi
  2416 | D:5      | Entered Level 5 of the Dungeon
  2737 | D:5      | Reached skill level 8 in Axes
  2751 | D:5      | Reached XP level 6. HP: 48/51 MP: 5/5
  2856 | D:5      | Reached skill level 1 in Shields
  2890 | D:5      | Reached skill level 9 in Axes
  2921 | D:5      | Noticed an ice beast
  3004 | D:5      | Killed an ice beast
  3005 | D:5      | Reached XP level 7. HP: 57/57 MP: 6/6
  3651 | D:6      | Reached skill level 10 in Axes
  3812 | D:6      | Noticed a steam dragon
  3827 | D:6      | Killed a steam dragon
  4039 | D:6      | Reached skill level 5 in Shields
  4050 | D:6      | Reached XP level 8. HP: 53/64 MP: 7/7
  4106 | D:6      | Reached skill level 11 in Axes
  4662 | D:6      | Reached skill level 12 in Axes
  5174 | D:6      | Reached skill level 13 in Axes
  5193 | D:6      | Reached XP level 9. HP: 50/70 MP: 5/8
  5626 | D:6      | Succumbed to a kobold brigand's curare-tipped dart

Illustrated notes

Levels and vault maps discovered:
D:1:      dpeg_arrival_tiny_a, layout_rooms
D:2:      layout_basic, minivault_5, uniq_jessica, uniq_terence,
          uniq_crazy_yiuf_cottage, uniq_sigmund
D:3:      layout_basic, shapermc_ecumenical_altar_gd,
          minmay_misc_feat_nine_boxes, uniq_ijyb, uniq_grinder
D:4:      layout_basic, uniq_pargi, uniq_robin
D:5:      layout_cave_pods, serial_glass, glass_columns_a, glass_columns_b
D:6:      lemuel_castle_with_subvaults [lemuel_castle_interior_carwin_3],
          layout_loops_corners

Skill      XL: |  1  2  3  4  5  6  7  8  9 |
---------------+----------------------------+-----
Axes           | 4 5 6 7 8 9 10 13 | 13.8
Shields        | 2 5 |  5.0
Fighting       | 4 |  4.0
Armour         | |  2.4
Dodging        | |  2.1

Action                   |  1- 3 |  4- 6 |  7- 9 || total
-------------------------+-------+-------+-------++-------
Melee: Hand axe          |    37 |   131 |   217 ||   385
       Headbutt          |     6 |    22 |    41 ||    69
Invok: Berserk           |     2 |     2 |     3 ||     7
       Trog's Hand       |       |     2 |     4 ||     6
Armor: Scale mail        |     1 |     5 |       ||     6
       Chain mail        |       |    35 |    27 ||    62
       Plate armour      |       |       |    45 ||    45
Dodge: Dodged            |    14 |    37 |    38 ||    89
Block: Buckler           |       |     1 |    33 ||    34
